 Dungeon Sprint DCSS version 0.17-a0-957-ga3519be (webtiles) character file.

253933 ahoge the Skullcrusher (level 17, -1/111 HPs)
             Began as a Gargoyle Fighter on May 7, 2015.
             Was the Champion of Okawaru.
             Slain by Mennas
             ... wielding a +3 eudemon blade of holy wrath
              (18 damage)
             ... in the Dungeon (Sprint IX: "|||||||||||||||||||||||||||||").
             The game lasted 01:14:50 (6621 turns).

ahoge the Skullcrusher (Gargoyle Fighter)           Turns: 6621, Time: 01:14:52

Health: -1/111     AC: 37    Str: 18    XL:     17   Next: 95%
Magic:  30/30      EV: 26    Int:  9    God:    Okawaru [******]
Gold:   624        SH:  0    Dex: 14    Spells: 0 memorised, 16 levels left

rFire  + . .     SeeInvis +     j - +5 battleaxe "Panuisuo" {flame, *Rage rElec rPois MR+}
rCold  . . .     Rnd*Rage +     F - +1 mottled dragon armour of Mivuquno {+Inv rElec rN+ Str-3 Int-3}
rNeg   + + .     SustAb   .     (no shield)
rPois  ∞         Gourm    .     H - +0 hat {SInv}
rElec  +         Spirit   .     P - +2 cloak {MR+}
rCorr  +         Warding  .     L - +2 pair of gloves
rMut   .         NoTele   +     y - +2 pair of boots {Fly}
MR     ++++.                    W - amulet "Zegaub" {rCorr rF+ MR+ Int+2}
Stlth  ++........               u - +2 ring of evasion
                                S - +4 ring of protection

@: exhausted, flying, slowed, glowing, studying Armour, very slow, incredibly
resistant to hostile enchantments, unstealthy
A: big wings, blink 1, frail 2, negative energy resistance 1, electricity
resistance, unbreathing, petrification resistance, rot immunity, AC +12
a: Stop Flying, Blink, Heroism, Finesse, Renounce Religion, Evoke Invisibility
}: 5/15 runes: decaying, serpentine, barnacled, silver, gossamer


You were in the Dungeon.
You worshipped Okawaru.
Okawaru was exalted by your worship.
You were very hungry.

You visited 1 branch You collected 1960 gold pieces.
You spent 1336 gold pieces at shops.

Inventory:

Hand weapons
 j - the +5 battleaxe "Panuisuo" (weapon) {flame, *Rage rElec rPois MR+}
   (You found it in the Dungeon)

   It has been specially enchanted to burn those struck by it, causing extra
   injury to most foes and up to half again as much damage against particularly
   susceptible opponents.
   Big, fiery blades are also staple armaments of hydra-hunters.
   It insulates you from electricity.
   It protects you from poison.
   It affects your resistance to hostile enchantments.
   It may make you go berserk in combat.
 t - the +5 scythe "Goblinslayer" {antimagic, rC- Dex+3 Stlth+}
   (You found it in the Dungeon)

   It disrupts the flow of magical energy around spellcasters and certain
   magical creatures (including the wielder).
   It affects your dexterity (+3).
   It makes you vulnerable to cold.
   It makes you more stealthy.
 G - the +5 battleaxe of Unpleasantness {chop, MP+9 Dex+3}
   (You found it in the Dungeon)

   It inflicts extra damage upon your enemies.
   It affects your dexterity (+3).
   It affects your magic capacity (+9).
 K - the +2 glaive "Lezul" {chop, rN+}
   (You found it in the Dungeon)

   It inflicts extra damage upon your enemies.
   It protects you from negative energy.
 M - a +6 demon whip of draining
 T - the +2 flail of Exhibitionism {drain, Str+9}
   (Okawaru gifted it to you in the Dungeon)

   A truly terrible weapon, it drains the life of those it strikes.
   It affects your strength (+9).
 U - the +1 great mace "Zoemub" {crush, MR+}
   (You found it in the Dungeon)

   It inflicts extra damage upon your enemies.
   It affects your resistance to hostile enchantments.
Armour
 s - a +2 ring mail
 y - a +2 pair of boots of flying (worn)
 D - the +4 buckler of the Hurricane {Str+6 Dex+2}
   (Okawaru gifted it to you in the Dungeon)

   It affects your strength (+6).
   It affects your dexterity (+2).
 F - the +1 mottled dragon armour of Mivuquno (worn) {+Inv rElec rN+ Str-3 Int-3}
   (You bought it in a shop in the Dungeon)

   It affects your strength (-3).
   It affects your intelligence (-3).
   It insulates you from electricity.
   It protects you from negative energy.
   It lets you turn invisible.
 H - a +0 hat of see invisible (worn)
 L - a +2 pair of gloves (worn)
 P - a +2 cloak of magic resistance (worn)
Jewellery
 u - a +2 ring of evasion (right hand)
 z - an uncursed amulet of regeneration
 I - an uncursed ring of protection from fire
 J - an uncursed ring of protection from magic
 S - a +4 ring of protection (left hand)
 W - the amulet "Zegaub" (around neck) {rCorr rF+ MR+ Int+2}
   (You found it in the Dungeon)

   [amulet of resist corrosion]

   It protects you from acid and corrosion.
   It affects your intelligence (+2).
   It protects you from fire.
   It affects your resistance to hostile enchantments.
 X - the ring of Notuar {rElec rPois rF+ Int-2 Slay+3}
   (You found it in the Dungeon)

   [ring of slaying]

   It affects your intelligence (-2).
   It affects your accuracy and damage with ranged weapons and melee attacks
   (+3).
   It protects you from fire.
   It insulates you from electricity.
   It protects you from poison.
 Y - the ring "Siel" {+Inv rF++ Str+5 Dex-2}
   (You found it in the Dungeon)

   [ring of invisibility]

   It affects your strength (+5).
   It affects your dexterity (-2).
   It greatly protects you from fire.
   It lets you turn invisible.
Magical devices
 p - a wand of cold (7)
 E - a wand of fireball (5)
 N - a wand of fireball (9)
 V - a wand of hasting (5)
Scrolls
 k - 5 scrolls of blinking
 l - 7 scrolls of fog
 n - 6 scrolls of remove curse
 o - 2 scrolls of amnesia
 r - 2 scrolls of enchant weapon
 w - 4 scrolls of recharging
 x - 4 scrolls of enchant armour
 C - a scroll of fear
 Q - a scroll of identify
Potions
 a - 2 potions of agility
 c - a potion of berserk rage
 d - 3 potions of might
 f - 8 potions of curing
 h - 4 potions of haste
 i - 4 potions of magic
 m - a potion of invisibility
 v - 2 potions of resistance
 R - a potion of flight
Books
 O - a manual of Armour
Comestibles
 b - a beef jerky
 e - 10 bread rations
 g - 8 chunks of flesh
 A - 40 fruits
 B - 12 meat rations


   Skills:
 O Level 27 Fighting
 + Level 9.6(19.2) Axes
 O Level 27 Maces & Flails
 + Level 12.2 Armour
 + Level 20.0 Dodging
 + Level 7.8 Stealth
 + Level 22.6 Shields
 + Level 18.6 Invocations
 + Level 1.0 Evocations


You had 16 spell levels left.
You didn't know any spells.

Dungeon Overview and Level Annotations

Branches:
Dungeon (1/1)

Altars:
Cheibriados
Dithmenos
Elyvilon
Fedhas
Gozag
Kikubaaqudgha
Makhleb
Nemelex Xobeh
Okawaru
Qazlal
Ru
Sif Muna
Trog
Vehumet
Xom
Yredelemnul
Zin
The Shining One
Beogh
Jiyva
Lugonu

Shops:
D }[*:

Annotations:
D Mennas


Innate Abilities, Weirdness & Mutations

You are resistant to torment.
Your stone body is resilient (AC +12).
You are immune to poison.
Your large and strong wings let you fly indefinitely.
You resist negative energy.
You are resistant to electric shocks.
You can survive without breathing.
You are immune to petrification.
You are immune to rotting.
You can translocate small distances at will.
You are very frail (-20% HP).


Message History

You are too injured to fight recklessly!
Drink which item? (? for menu, Esc to quit)
You feel much better.
Mennas gestures frantically.
You resist with almost no effort.
Mennas hits you with an eudemon blade of holy wrath!
* * * LOW HITPOINT WARNING * * *
Mennas hits you but does no damage.
The hell knight hits you from afar with a glaive of pain!
* * * LOW HITPOINT WARNING * * *
You are too injured to fight recklessly!
You are too injured to fight recklessly!
You are too injured to fight recklessly!
Mennas blocks your attack.
Mennas is severely wounded.
Mennas hits you with an eudemon blade of holy wrath!
* * * LOW HITPOINT WARNING * * *
Mennas hits you but does no damage.
Mennas hits you with an eudemon blade of holy wrath!!
You die...

▓▓▓▓▓▓▓▓▓▓▓▓▓▓▓▓▓▓▓▓▓▓▓▓▓▓▓▓
.......)ppA@)[...........)..
▓▓▓▓▓▓▓▓▓▓▓▓▓▓▓▓▓▓▓▓▓▓▓▓▓▓▓▓▓▓▓▓▓
....'............:))))))..[[[[[[[
▓▓▓▓▓▓▓▓▓▓▓▓▓▓▓▓▓▓▓▓▓▓▓▓▓▓▓▓▓▓▓▓▓
.................................
▓▓▓▓▓▓▓▓▓▓▓▓▓▓▓▓▓▓▓▓▓▓▓▓▓▓▓▓▓▓▓▓▓
.......')))))))))))))))))))))))..
▓▓▓▓▓▓▓▓▓▓▓▓▓▓▓▓▓▓▓▓▓▓▓▓▓▓▓▓▓▓▓▓▓
.................................


You could see Mennas and 2 hell knights.

Vanquished Creatures
  Gloorx Vloq (D)
  Mara (D)
  Boris (D)
  Frederick (D)
  Norris (D)
  Jory (D)
  Xtahua (D)
  A titan (D)
  2 quicksilver dragons (D)
  A tentacled starspawn (D)
  Gastronok (D)
  A sphinx (D)
  2 storm dragons (D)
  2 greater nagas (D)
  2 fire giants (D)
  6 shadow dragons (D)
  Ilsuiw (D)
  3 vault wardens (D)
  A frost giant (D)
  Louise (D)
  3 emperor scorpions (D)
  4 ironheart preservers (D)
  A ghost moth (D)
  3 very ugly things (D)
  A mottled draconian (D)
  A great orb of eyes (D)
  5 ettins (D)
  5 merfolk javelineers (D)
  25 vault guards (D)
  3 fire dragons (D)
  4 merfolk impalers (D)
  An ice dragon (D)
  4 hydras (D)
  8 ogre magi (D)
  6 naga warriors (D)
  2 entropy weavers (D)
  4 centaur warriors (D)
  2 alligators (D)
  2 merfolk aquamancers (D)
  2 merfolk avatars (D)
  A satyr (D)
  A death yak (D)
  A spriggan berserker (D)
  2 deep troll shamans (D)
  A naga sharpshooter (D)
  Sonja (D)
  9 swamp dragons (D)
  A sea snake (D)
  An unseen horror (D)
  A hill giant (D)
  A giant orange brain (shapeshifter) (D)
  5 ironbrand convokers (D)
  A lindwurm (shapeshifter) (D)
  4 wolf spiders (D)
  A harpy (D)
  A water nymph (D)
  A hornet (D)
  2 ugly things (D)
  2 manticores (D)
  A cyclops (D)
  3 orc knights (D)
  2 moths of wrath (D)
  A griffon (D)
  4 naga magi (D)
  Maurice (D)
  Joseph (D)
  4 guardian serpents (D)
  3 black mambas (D)
  2 vault sentinels (D)
  4 yaktaurs (D)
  A kobold demonologist (D)
  3 spiny frogs (D)
  2 demonic crawlers (D)
  3 jumping spiders (D)
  2 polar bears (D)
  A wind drake (D)
  A freezing wraith (D)
  A snapping turtle (D)
  3 two-headed ogres (D)
  3 boulder beetles (D)
  3 slime creatures (D)
  A wraith (D)
  2 redbacks (D)
  2 bog bodies (D)
  3 trapdoor spiders (D)
  A tarantella (D)
  2 water elementals (D)
  3 spriggans (D)
  A deep elf mage (D)
  A hippogriff (D)
  4 vampire mosquitoes (D)
  5 water moccasins (D)
  A soldier ant (shapeshifter) (D)
  A mottled dragon (D)
  14 orc warriors (D)
  2 nagas (D)
  A swamp drake (D)
  6 black bears (D)
  A wasp (D)
  6 ogres (D)
  A big kobold (D)
  2 crocodiles (D)
  A giant frog (D)
  A scorpion (D)
  2 orc priests (D)
  2 iguanas (D)
  4 orc wizards (D)
  A worker ant (D)
  A sheep (D)
  An adder (D)
  An adder skeleton (D)
  A giant gecko (D)
  6 orcs (D)
  2 bat skeletons (D)
  A bat zombie (D)
  2 hobgoblins (D)
  A bat (D)
  5 rats (D)
295 creatures vanquished.

Vanquished Creatures (others)
  A fire giant (D)
  A giant orange brain (D)
  A plant (D)
  2 starspawn tentacles (D)
5 creatures vanquished.

Grand Total: 300 creatures vanquished

Notes
Turn   | Place    | Note
--------------------------------------------------------------
     0 | D        | ahoge, the Gargoyle Fighter, began the quest for the Orb.
     0 | D        | Reached XP level 1. HP: 14/14 MP: 1/1
    58 | D        | Noticed an orc wizard
    63 | D        | Killed an orc wizard
    63 | D        | Reached skill level 5 in Fighting
    63 | D        | Reached XP level 2. HP: 19/21 MP: 2/2
    63 | D        | Reached XP level 3. HP: 23/26 MP: 3/3
    70 | D        | Reached skill level 5 in Armour
   111 | D        | Found a glowing silver altar of Zin.
   111 | D        | Found a glowing golden altar of the Shining One.
   111 | D        | Found an ancient bone altar of Kikubaaqudgha.
   111 | D        | Found a basalt altar of Yredelemnul.
   111 | D        | Found a shimmering altar of Xom.
   111 | D        | Found a radiant altar of Vehumet.
   112 | D        | Found an iron altar of Okawaru.
   113 | D        | Found a burning altar of Makhleb.
   114 | D        | Found a deep blue altar of Sif Muna.
   115 | D        | Found a bloodstained altar of Trog.
   116 | D        | Found a sparkling altar of Nemelex Xobeh.
   117 | D        | Found a white marble altar of Elyvilon.
   118 | D        | Found a roughly hewn altar of Beogh.
   119 | D        | Found a viscous altar of Jiyva.
   120 | D        | Found a corrupted altar of Lugonu.
   122 | D        | Became a worshipper of Warmaster Okawaru
   124 | D        | Found a blossoming altar of Fedhas.
   125 | D        | Found a snail-covered altar of Cheibriados.
   126 | D        | Found a shadowy altar of Dithmenos.
   127 | D        | Found a stormy altar of Qazlal.
   128 | D        | Found an opulent altar of Gozag.
   129 | D        | Found a sacrificial altar of Ru.
   190 | D        | Noticed a scorpion
   190 | D        | Noticed an orc warrior
   190 | D        | Noticed a big kobold
   190 | D        | Noticed an ogre
   193 | D        | Killed a scorpion
   193 | D        | Reached skill level 5 in Shields
   193 | D        | Reached XP level 4. HP: 28/32 MP: 4/4
   210 | D        | Killed an orc warrior
   210 | D        | Acquired Okawaru's first power
   210 | D        | Reached skill level 7 in Fighting
   210 | D        | Reached skill level 1 in Dodging
   210 | D        | Reached XP level 5. HP: 17/38 MP: 5/5
   215 | D        | Killed a big kobold
   215 | D        | Reached skill level 5 in Maces & Flails
   215 | D        | Reached XP level 6. HP: 20/44 MP: 6/6
   216 | D        | Reached skill level 8 in Shields
   221 | D        | Killed an ogre
   431 | D        | Noticed a kobold demonologist
   431 | D        | Noticed a worker ant
   431 | D        | Noticed a wraith
   431 | D        | Noticed a centaur warrior
   431 | D        | Noticed a centaur warrior
   431 | D        | Noticed a red ugly thing
   439 | D        | Killed a kobold demonologist
   439 | D        | Reached skill level 9 in Fighting
   439 | D        | Reached XP level 7. HP: 43/51 MP: 7/7
   440 | D        | Killed a worker ant
   458 | D        | Killed a wraith
   458 | D        | Reached skill level 10 in Shields
   467 | D        | Killed a centaur warrior
   467 | D        | Reached skill level 10 in Fighting
   467 | D        | Reached skill level 10 in Armour
   467 | D        | Reached skill level 11 in Shields
   467 | D        | Reached XP level 8. HP: 30/58 MP: 5/8
   476 | D        | Killed a centaur warrior
   476 | D        | Received a gift from Okawaru
   476 | D        | Reached skill level 10 in Maces & Flails
   476 | D        | Reached skill level 5 in Dodging
   476 | D        | Reached skill level 12 in Shields
   476 | D        | Reached XP level 9. HP: 22/63 MP: 6/9
   483 | D        | Killed a red ugly thing
   798 | D        | Noticed a water moccasin
   798 | D        | Noticed a water moccasin
   798 | D        | Noticed a crocodile
   798 | D        | Noticed a spiny frog
   798 | D        | Noticed an iguana
   801 | D        | Noticed a giant frog
   801 | D        | Killed a water moccasin
   807 | D        | Killed a water moccasin
   808 | D        | Killed a crocodile
   809 | D        | Noticed an iguana
   810 | D        | Noticed a water moccasin
   812 | D        | Killed a spiny frog
   818 | D        | Killed an iguana
   824 | D        | Killed a giant frog
   825 | D        | Killed an iguana
   835 | D        | Killed a water moccasin
   835 | D        | Acquired Okawaru's second power
   835 | D        | Reached XP level 10. HP: 67/71 MP: 10/10
   852 | D        | Noticed a water moccasin
   852 | D        | Noticed a spiny frog
   852 | D        | Noticed a hippogriff
   852 | D        | Noticed a crocodile
   852 | D        | Noticed a spiny frog
   852 | D        | Noticed a water moccasin
   853 | D        | Noticed a death yak
   862 | D        | Killed a water moccasin
   867 | D        | Killed a spiny frog
   867 | D        | Reached skill level 13 in Shields
   867 | D        | Reached skill level 1 in Invocations
   872 | D        | Killed a hippogriff
   872 | D        | Reached skill level 1 in Stealth
   879 | D        | Killed a death yak
   889 | D        | Killed a crocodile
   894 | D        | Killed a spiny frog
   898 | D        | Noticed a boulder beetle
   901 | D        | Killed a water moccasin
   916 | D        | Noticed a boulder beetle
   919 | D        | Killed a boulder beetle
   937 | D        | Killed a boulder beetle
   953 | D        | Noticed a polar bear
   953 | D        | Noticed a black bear
   953 | D        | Noticed a black bear
   953 | D        | Noticed a black bear
   953 | D        | Noticed a black bear
   953 | D        | Noticed a black bear
   957 | D        | Noticed a black bear
   958 | D        | Killed a polar bear
   961 | D        | Killed a black bear
   971 | D        | Noticed a polar bear
   973 | D        | Killed a black bear
   978 | D        | Killed a black bear
   987 | D        | Killed a black bear
   989 | D        | Killed a black bear
   995 | D        | Killed a black bear
  1003 | D        | Killed a polar bear
  1074 | D        | Noticed Joseph
  1094 | D        | Killed Joseph
  1094 | D        | Received a gift from Okawaru
  1094 | D        | Reached XP level 11. HP: 70/77 MP: 6/13
  1095 | D        | Got an encrusted buckler {god gift}
  1106 | D        | Identified the +4 buckler of the Hurricane {Str+6 Dex+2} (Okawaru gifted it to you in the Dungeon)
  1126 | D        | Noticed Sonja
  1137 | D        | Killed Sonja
  1164 | D        | Noticed an orc wizard
  1164 | D        | Noticed an orc warrior
  1164 | D        | Noticed an orc wizard
  1171 | D        | Killed an orc wizard
  1173 | D        | Killed an orc warrior
  1175 | D        | Noticed an orc priest
  1180 | D        | Killed an orc wizard
  1184 | D        | Noticed an orc wizard
  1200 | D        | Killed an orc priest
  1201 | D        | Killed an orc wizard
  1204 | D        | Noticed an orc warrior
  1207 | D        | Noticed an orc warrior
  1213 | D        | Killed an orc warrior
  1229 | D        | Killed an orc warrior
  1229 | D        | Reached skill level 14 in Maces & Flails
  1435 | D        | Noticed an orc knight
  1435 | D        | Noticed an orc warrior
  1435 | D        | Noticed an orc warrior
  1435 | D        | Noticed an orc warrior
  1435 | D        | Noticed an orc warrior
  1435 | D        | Noticed an orc warrior
  1442 | D        | Killed an orc knight
  1442 | D        | Reached skill level 5 in Invocations
  1445 | D        | Noticed an orc priest
  1449 | D        | Killed an orc warrior
  1454 | D        | Killed an orc warrior
  1459 | D        | Killed an orc warrior
  1464 | D        | Killed an orc warrior
  1465 | D        | Noticed an orc warrior
  1480 | D        | Killed an orc warrior
  1487 | D        | Killed an orc warrior
  1488 | D        | Noticed an orc warrior
  1489 | D        | Killed an orc priest
  1491 | D        | Noticed an orc knight
  1496 | D        | Noticed an orc warrior
  1496 | D        | Killed an orc warrior
  1497 | D        | Noticed an orc warrior
  1502 | D        | Killed an orc knight
  1506 | D        | Killed an orc warrior
  1510 | D        | Killed an orc warrior
  1550 | D        | Found Lehi's Gadget Emporium.
  1550 | D        | Noticed an ogre
  1550 | D        | Noticed a two-headed ogre
  1550 | D        | Noticed an ogre
  1550 | D        | Noticed an ogre
  1550 | D        | Noticed an ogre
  1552 | D        | Noticed an ogre mage
  1553 | D        | Killed an ogre
  1557 | D        | Killed an ogre
  1559 | D        | Killed a two-headed ogre
  1561 | D        | Noticed an ogre mage
  1565 | D        | Killed an ogre
  1572 | D        | Killed an ogre mage
  1572 | D        | Reached skill level 15 in Maces & Flails
  1585 | D        | Killed an ogre mage
  1589 | D        | Killed an ogre
  1603 | D        | Found Xeunk's Antique Armour Shoppe.
  1607 | D        | Found Buhityungu's Assorted Antiques.
  1609 | D        | Noticed an ogre mage
  1610 | D        | Found Oner's Book Shoppe.
  1610 | D        | Noticed an ogre
  1611 | D        | Noticed a two-headed ogre
  1635 | D        | Killed an ogre mage
  1638 | D        | Killed an ogre
  1639 | D        | Noticed a two-headed ogre
  1641 | D        | Killed a two-headed ogre
  1649 | D        | Killed a two-headed ogre
  1652 | D        | Noticed an ogre mage
  1658 | D        | Paralysed by an ogre mage for 3 turns
  1673 | D        | Killed an ogre mage
  1673 | D        | Reached skill level 16 in Maces & Flails
  1673 | D        | Reached XP level 12. HP: 65/85 MP: 11/18
  1693 | D        | Noticed an ogre mage
  1707 | D        | Killed an ogre mage
  1716 | D        | Bought a twisted mottled dragon armour for 1215 gold pieces
  1716 | D        | Bought a runed cloak for 121 gold pieces
  1736 | D        | Identified the +1 mottled dragon armour of Mivuquno {+Inv rElec rN+ Str-3 Int-3} (You bought it in a shop in the Dungeon)
  1813 | D        | Noticed Gastronok
  1825 | D        | Killed Gastronok
  1936 | D        | Noticed a manticore
  1936 | D        | Noticed an orc warrior
  1936 | D        | Noticed a centaur warrior
  1937 | D        | Noticed a deep elf mage
  1943 | D        | Noticed a vampire mosquito
  1948 | D        | Killed a manticore
  1949 | D        | Noticed a water nymph
  1949 | D        | Noticed a ghost crab
  1949 | D        | a water nymph changed into a ghost crab
  1956 | D        | Killed a centaur warrior
  1957 | D        | Noticed an ogre mage
  1959 | D        | a ghost crab changed into a cyclops
  1962 | D        | Killed an orc warrior
  1965 | D        | Noticed a giant orange brain
  1965 | D        | Noticed a cyan very ugly thing
  1967 | D        | Noticed a centaur warrior
  1970 | D        | Killed a deep elf mage
  1973 | D        | Killed a vampire mosquito
  1973 | D        | Reached skill level 17 in Maces & Flails
  1974 | D        | Noticed a deep troll shaman
  1980 | D        | Received a gift from Okawaru
  1980 | D        | Reached skill level 15 in Fighting
  1982 | D        | Noticed a soldier ant
  1983 | D        | Killed a giant orange brain
  1994 | D        | Killed a cyan very ugly thing
  1994 | D        | Reached skill level 10 in Invocations
  1997 | D        | Killed a centaur warrior
  1997 | D        | Reached skill level 1 in Evocations
  1999 | D        | Killed a deep troll shaman
  2003 | D        | Killed a soldier ant
  2009 | D        | Killed an ogre mage
  2061 | D        | Noticed Maurice
  2077 | D        | Killed Maurice
  2153 | D        | Noticed a wolf spider
  2153 | D        | Noticed a demonic crawler
  2153 | D        | Noticed a jumping spider
  2155 | D        | Noticed a wolf spider
  2156 | D        | Noticed a trapdoor spider
  2161 | D        | Killed a wolf spider
  2171 | D        | Noticed a tarantella
  2174 | D        | Killed a demonic crawler
  2183 | D        | Killed a wolf spider
  2192 | D        | Killed a tarantella
  2193 | D        | Noticed an entropy weaver
  2197 | D        | Killed a trapdoor spider
  2197 | D        | Reached skill level 18 in Maces & Flails
  2197 | D        | Reached skill level 10 in Dodging
  2201 | D        | Noticed a trapdoor spider
  2201 | D        | Killed a trapdoor spider
  2212 | D        | Killed an entropy weaver
  2217 | D        | Killed a jumping spider
  2217 | D        | Reached skill level 15 in Shields
  2217 | D        | Reached XP level 13. HP: 86/93 MP: 15/21
  2239 | D        | Noticed a trapdoor spider
  2243 | D        | Killed a trapdoor spider
  2245 | D        | Noticed a black mamba
  2245 | D        | Noticed a black mamba
  2245 | D        | Noticed a naga mage
  2245 | D        | Noticed a black mamba
  2245 | D        | Noticed a naga sharpshooter
  2245 | D        | Noticed a guardian serpent
  2249 | D        | Killed a black mamba
  2256 | D        | Killed a naga sharpshooter
  2258 | D        | Noticed a naga warrior
  2262 | D        | Killed a black mamba
  2266 | D        | Killed a black mamba
  2270 | D        | Killed a naga mage
  2271 | D        | Noticed a naga warrior
  2272 | D        | Noticed a naga mage
  2278 | D        | Killed a naga warrior
  2281 | D        | Killed a guardian serpent
  2289 | D        | Killed a naga mage
  2302 | D        | Killed a naga warrior
  2320 | D        | Gained mutation: Armour fits poorly on your strangely shaped body. [mutagenic meat]
  2321 | D        | Gained mutation: Your spells are a little easier to cast, but a little less powerful. [mutagenic meat]
  2322 | D        | Gained mutation: You can translocate small distances at will. [mutagenic meat]
  2333 | D        | Noticed a water nymph
  2333 | D        | Noticed a water elemental
  2333 | D        | Noticed a manticore
  2333 | D        | Noticed a merfolk javelineer
  2333 | D        | Noticed a griffon
  2333 | D        | Noticed a satyr
  2346 | D        | Noticed a wind drake
  2351 | D        | Killed a water nymph
  2351 | D        | Received a gift from Okawaru
  2351 | D        | Reached skill level 5 in Stealth
  2356 | D        | Killed a water elemental
  2357 | D        | Noticed a sea snake
  2365 | D        | Killed a manticore
  2366 | D        | Noticed a snapping turtle
  2378 | D        | Killed a merfolk javelineer
  2378 | D        | Reached skill level 19 in Maces & Flails
  2382 | D        | Killed a griffon
  2389 | D        | Killed a satyr
  2398 | D        | Killed a wind drake
  2401 | D        | Killed a sea snake
  2411 | D        | Killed a snapping turtle
  2649 | D        | Noticed a slime creature
  2649 | D        | Noticed an alligator
  2649 | D        | Noticed a vampire mosquito
  2649 | D        | Noticed an alligator
  2649 | D        | Noticed a five-headed hydra
  2657 | D        | Killed a slime creature
  2658 | D        | Noticed a spriggan rider
  2659 | D        | Noticed a bog body
  2660 | D        | Noticed a bog body
  2669 | D        | Killed an alligator
  2677 | D        | Killed an alligator
  2681 | D        | Killed a five-headed hydra
  2692 | D        | Killed a wasp
  2694 | D        | Killed a spriggan
  2698 | D        | Killed a vampire mosquito
  2702 | D        | Killed a bog body
  2709 | D        | Killed a bog body
  2823 | D        | Noticed an ettin
  2823 | D        | Noticed an ettin
  2823 | D        | Noticed a red very ugly thing
  2823 | D        | Noticed a yaktaur
  2823 | D        | Noticed an ettin
  2823 | D        | Noticed an entropy weaver
  2830 | D        | Killed an ettin
  2831 | D        | Noticed a cyan very ugly thing
  2832 | D        | Noticed a shadow dragon
  2838 | D        | Killed a red very ugly thing
  2838 | D        | Reached skill level 20 in Maces & Flails
  2839 | D        | Noticed a deep troll shaman
  2845 | D        | Killed an ettin
  2846 | D        | Noticed a yaktaur
  2852 | D        | Killed a yaktaur
  2858 | D        | Killed an ettin
  2860 | D        | Noticed a fire dragon
  2869 | D        | Killed an entropy weaver
  2870 | D        | Noticed a fire giant
  2876 | D        | Noticed a fire dragon
  2899 | D        | Killed a cyan very ugly thing
  2899 | D        | Gained mutation: Your large and strong wings let you fly indefinitely. [Gargoyle growth]
  2899 | D        | Reached XP level 14. HP: 49/102 MP: 19/23
  2900 | D        | Noticed a yaktaur
  2929 | D        | Killed a shadow dragon
  2934 | D        | Killed a deep troll shaman
  2934 | D        | Received a gift from Okawaru
  2935 | D        | Noticed an ettin
  2936 | D        | Noticed a fire dragon
  2937 | D        | Killed a yaktaur
  2938 | D        | Noticed a spriggan berserker
  2951 | D        | Killed a fire dragon
  2954 | D        | Noticed an ice dragon
  2964 | D        | Killed a fire giant
  2964 | D        | Reached skill level 21 in Maces & Flails
  2973 | D        | Killed a fire dragon
  2980 | D        | Killed a yaktaur
  2989 | D        | Killed an ettin
  3001 | D        | Killed a fire dragon
  3011 | D        | Killed a spriggan berserker
  3026 | D        | Killed an ice dragon
  3086 | D        | Noticed a slime creature
  3086 | D        | Noticed a harpy
  3086 | D        | Noticed a vault warden
  3086 | D        | Noticed a slime creature
  3086 | D        | Noticed a tarantella
  3086 | D        | Noticed a mottled dragon
  3091 | D        | Killed a slime creature
  3092 | D        | Noticed a cyclops
  3097 | D        | Killed a harpy
  3098 | D        | Noticed a vampire mosquito
  3100 | D        | Noticed an unseen horror
  3109 | D        | Killed a vault warden
  3110 | D        | Noticed a vampire mosquito
  3111 | D        | a tarantella changed into a lindwurm
  3114 | D        | Killed a slime creature
  3117 | D        | Noticed a hill giant
  3120 | D        | Noticed an ironheart preserver
  3121 | D        | Killed a mottled dragon
  3124 | D        | Noticed an ogre mage
  3127 | D        | Killed a cyclops
  3128 | D        | Noticed an ironheart preserver
  3132 | D        | Killed a vampire mosquito
  3134 | D        | Killed an unseen horror
  3135 | D        | Noticed an ironbrand convoker
  3140 | D        | Killed a hill giant
  3146 | D        | Noticed an ogre mage
  3151 | D        | Killed an ironheart preserver
  3151 | D        | Reached skill level 22 in Maces & Flails
  3152 | D        | Noticed an orc knight
  3155 | D        | Noticed a freezing wraith
  3155 | D        | Killed a vampire mosquito
  3157 | D        | Noticed a white ugly thing
  3163 | D        | Killed an ogre mage
  3172 | D        | Killed an ironheart preserver
  3172 | D        | Received a gift from Okawaru
  3174 | D        | Noticed a frost giant
  3177 | D        | Killed an ironbrand convoker
  3178 | D        | Noticed an ironbrand convoker
  3181 | D        | Killed an ogre mage
  3194 | D        | Killed an orc knight
  3200 | D        | Killed a freezing wraith
  3206 | D        | Noticed an ironheart preserver
  3206 | D        | Noticed a greater naga
  3213 | D        | Killed a white ugly thing
  3228 | D        | Killed an ironheart preserver
  3229 | D        | Killed a frost giant
  3233 | D        | Noticed a sphinx
  3233 | D        | Noticed a tentacled starspawn
  3233 | D        | Noticed a vault guard
  3242 | D        | Killed a vault guard
  3251 | D        | Killed a greater naga
  3264 | D        | Killed a tentacled starspawn
  3264 | D        | Reached skill level 23 in Maces & Flails
  3264 | D        | Reached XP level 15. HP: 36/111 MP: 23/25
  3269 | D        | Killed an ironbrand convoker
  3276 | D        | Killed a sphinx
  3317 | D        | Gained mutation: You have an increased reservoir of magic (+10% MP). [mutagenic meat]
  3472 | D        | Got the +1 great mace "Zoemub" {crush, MR+}
  3566 | D        | Gained mutation: You are frail (-10% HP). [potion of mutation]
  3566 | D        | Gained mutation: Your flesh is cold resistant. [potion of mutation]
  3566 | D        | Gained mutation: You are very frail (-20% HP). [potion of mutation]
  3669 | D        | Noticed a four-headed hydra
  3669 | D        | Noticed a swamp dragon
  3669 | D        | Noticed a swamp dragon
  3669 | D        | Noticed a swamp dragon
  3669 | D        | Noticed a swamp dragon
  3669 | D        | Noticed a swamp dragon
  3677 | D        | Killed a four-headed hydra
  3682 | D        | Noticed a four-headed hydra
  3684 | D        | Killed a swamp dragon
  3686 | D        | Noticed a swamp drake
  3692 | D        | Killed a swamp dragon
  3695 | D        | Noticed a swamp dragon
  3698 | D        | Killed a swamp dragon
  3703 | D        | Killed a swamp dragon
  3712 | D        | Killed a swamp dragon
  3713 | D        | Noticed a swamp dragon
  3717 | D        | Killed a four-headed hydra
  3719 | D        | Noticed a swamp dragon
  3720 | D        | Killed a swamp drake
  3721 | D        | Noticed a swamp dragon
  3727 | D        | Noticed a seven-headed hydra
  3729 | D        | Killed a swamp dragon
  3734 | D        | Killed a swamp dragon
  3741 | D        | Killed a swamp dragon
  3747 | D        | Killed a swamp dragon
  3751 | D        | Killed a seven-headed hydra
  3753 | D        | Got a decaying rune of Zot
  3780 | D        | Noticed a merfolk javelineer
  3780 | D        | Noticed a merfolk impaler
  3780 | D        | Noticed a merfolk avatar
  3780 | D        | Noticed a merfolk impaler
  3780 | D        | Noticed a merfolk impaler
  3780 | D        | Noticed a merfolk impaler
  3781 | D        | Noticed Ilsuiw
  3782 | D        | Noticed a merfolk javelineer
  3789 | D        | Killed a merfolk avatar
  3799 | D        | Noticed a merfolk javelineer
  3801 | D        | Killed a merfolk javelineer
  3813 | D        | Killed Ilsuiw
  3813 | D        | Received a gift from Okawaru
  3813 | D        | Reached skill level 24 in Maces & Flails
  3815 | D        | Noticed a merfolk javelineer
  3824 | D        | Killed a merfolk javelineer
  3826 | D        | Noticed a merfolk aquamancer
  3835 | D        | Killed a merfolk impaler
  3836 | D        | Noticed a merfolk aquamancer
  3840 | D        | Killed a merfolk javelineer
  3840 | D        | Reached skill level 15 in Dodging
  3841 | D        | Noticed a merfolk avatar
  3844 | D        | Killed a merfolk javelineer
  3851 | D        | Killed a merfolk aquamancer
  3855 | D        | Killed a merfolk aquamancer
  3863 | D        | Killed a merfolk impaler
  3871 | D        | Killed a merfolk impaler
  3877 | D        | Killed a merfolk impaler
  3882 | D        | Killed a merfolk avatar
  3889 | D        | Got a barnacled rune of Zot
  4041 | D        | Got the +2 glaive "Lezul" {chop, rN+}
  4455 | D        | Got the +5 scythe "Goblinslayer" {antimagic, rC- Dex+3 Stlth+}
  4457 | D        | Got the +4 hunting sling "Ciofes" {flame, rC++ Dex+4}
  5013 | D        | Noticed a guardian serpent
  5013 | D        | Noticed a guardian serpent
  5013 | D        | Noticed a naga
  5013 | D        | Noticed a naga
  5013 | D        | Noticed a naga mage
  5015 | D        | Noticed a greater naga
  5018 | D        | Killed a guardian serpent
  5019 | D        | Noticed a naga warrior
  5023 | D        | Killed a guardian serpent
  5023 | D        | Received a gift from Okawaru
  5025 | D        | Killed a naga
  5026 | D        | Noticed a naga warrior
  5027 | D        | Noticed a naga mage
  5027 | D        | Killed a naga
  5029 | D        | Noticed a guardian serpent
  5029 | D        | Noticed a naga warrior
  5039 | D        | Killed a greater naga
  5043 | D        | Killed a naga warrior
  5044 | D        | Noticed a naga warrior
  5055 | D        | Killed a naga warrior
  5069 | D        | Killed a naga warrior
  5070 | D        | Killed a naga mage
  5075 | D        | Killed a naga mage
  5089 | D        | Killed a naga warrior
  5095 | D        | Killed a guardian serpent
  5097 | D        | Got a serpentine rune of Zot
  5132 | D        | Noticed an emperor scorpion
  5132 | D        | Noticed a wolf spider
  5132 | D        | Noticed a jumping spider
  5132 | D        | Noticed a redback
  5132 | D        | Noticed a wolf spider
  5132 | D        | Noticed a redback
  5133 | D        | Noticed a moth of wrath
  5149 | D        | Killed an emperor scorpion
  5149 | D        | Reached skill level 25 in Maces & Flails
  5150 | D        | Noticed a ghost moth
  5152 | D        | Killed a wolf spider
  5155 | D        | Killed a wolf spider
  5158 | D        | Killed a redback
  5159 | D        | Noticed an emperor scorpion
  5165 | D        | Killed a redback
  5166 | D        | Noticed a jumping spider
  5170 | D        | Killed a jumping spider
  5176 | D        | Killed a ghost moth
  5176 | D        | Received a gift from Okawaru
  5177 | D        | Got a fine plate armour {god gift}
  5181 | D        | Killed a moth of wrath
  5193 | D        | Noticed an emperor scorpion
  5193 | D        | Killed an emperor scorpion
  5193 | D        | Reached XP level 16. HP: 96/96 MP: 1/29
  5195 | D        | Noticed a demonic crawler
  5196 | D        | Noticed a moth of wrath
  5219 | D        | Killed an emperor scorpion
  5224 | D        | Killed a jumping spider
  5232 | D        | Killed a demonic crawler
  5236 | D        | Killed a moth of wrath
  5238 | D        | Got a gossamer rune of Zot
  5266 | D        | Identified the +1 plate armour of Nihilism {Contam rCorr Int+2} (Okawaru gifted it to you in the Dungeon)
  5275 | D        | Gained mutation: Your body sometimes deteriorates upon taking damage. [mutagenic glow]
  5276 | D        | Lost mutation: Armour fits poorly on your strangely shaped body. [mutagenic meat]
  5280 | D        | Lost mutation: Your spells are a little easier to cast, but a little less powerful. [mutagenic meat]
  5281 | D        | Gained mutation: You are extremely frail (-30% HP). [mutagenic meat]
  5377 | D        | Noticed a vault guard
  5377 | D        | Noticed a vault guard
  5377 | D        | Noticed a vault guard
  5377 | D        | Noticed a vault guard
  5377 | D        | Noticed a vault guard
  5377 | D        | Noticed a vault guard
  5380 | D        | Noticed a vault guard
  5385 | D        | Killed a vault guard
  5386 | D        | Noticed a vault guard
  5398 | D        | Killed a vault guard
  5399 | D        | Noticed a vault guard
  5406 | D        | Killed a vault guard
  5407 | D        | Noticed a vault guard
  5413 | D        | Killed a vault guard
  5414 | D        | Noticed a vault guard
  5423 | D        | Killed a vault guard
  5424 | D        | Noticed a vault guard
  5428 | D        | Killed a vault guard
  5429 | D        | Noticed a vault guard
  5442 | D        | Killed a vault guard
  5443 | D        | Noticed a vault guard
  5452 | D        | Killed a vault guard
  5453 | D        | Noticed a vault guard
  5456 | D        | Killed a vault guard
  5457 | D        | Noticed a vault guard
  5466 | D        | Killed a vault guard
  5467 | D        | Noticed a vault guard
  5471 | D        | Killed a vault guard
  5471 | D        | Reached skill level 26 in Maces & Flails
  5472 | D        | Noticed a vault guard
  5484 | D        | Killed a vault guard
  5485 | D        | Noticed a vault guard
  5493 | D        | Killed a vault guard
  5494 | D        | Noticed a vault guard
  5503 | D        | Killed a vault guard
  5504 | D        | Noticed a vault guard
  5509 | D        | Killed a vault guard
  5510 | D        | Noticed a vault guard
  5515 | D        | Killed a vault guard
  5516 | D        | Noticed a vault guard
  5522 | D        | Killed a vault guard
  5523 | D        | Noticed a vault guard
  5532 | D        | Killed a vault guard
  5546 | D        | Killed a vault guard
  5553 | D        | Killed a vault guard
  5562 | D        | Killed a vault guard
  5570 | D        | Killed a vault guard
  5582 | D        | Killed a vault guard
  5591 | D        | Killed a vault guard
  5665 | D        | Noticed a vault sentinel
  5665 | D        | Noticed a vault warden
  5665 | D        | Noticed an ironheart preserver
  5665 | D        | Noticed a yaktaur
  5665 | D        | Noticed a titan
  5668 | D        | Noticed a storm dragon
  5669 | D        | Noticed a fire giant
  5678 | D        | Killed a vault warden
  5678 | D        | Received a gift from Okawaru
  5678 | D        | Reached skill level 15 in Invocations
  5679 | D        | Noticed a hornet
  5686 | D        | Killed an ironheart preserver
  5686 | D        | Reached skill level 27 in Maces & Flails
  5687 | D        | Noticed an ironbrand convoker
  5692 | D        | Killed a vault sentinel
  5693 | D        | Noticed an ettin
  5696 | D        | Killed a yaktaur
  5702 | D        | Killed a titan
  5703 | D        | Noticed a shadow dragon
  5712 | D        | Killed a storm dragon
  5714 | D        | Noticed a vault warden
  5717 | D        | HP: 1/87 [fire giant/bolt of fire (38)]
  5722 | D        | Killed a fire giant
  5723 | D        | Noticed a shadow dragon
  5728 | D        | Noticed a vault sentinel
  5730 | D        | Killed a hornet
  5736 | D        | Killed an ironbrand convoker
  5737 | D        | Noticed a fire giant
  5739 | D        | Noticed a boulder beetle
  5741 | D        | Killed an ettin
  5756 | D        | Killed a shadow dragon
  5764 | D        | Killed a vault warden
  5784 | D        | Killed a shadow dragon
  5788 | D        | Killed a vault sentinel
  5797 | D        | Killed a fire giant
  5805 | D        | Killed a boulder beetle
  5917 | D        | Lost mutation: You have an increased reservoir of magic (+10% MP). [potion of cure mutation]
  5917 | D        | Lost mutation: Your flesh is cold resistant. [potion of cure mutation]
  5917 | D        | Lost mutation: Your body sometimes deteriorates upon taking damage. [potion of cure mutation]
  5917 | D        | Lost mutation: You are extremely frail (-30% HP). [potion of cure mutation]
  5917 | D        | Lost mutation: You are very frail (-20% HP). [potion of cure mutation]
  5918 | D        | Noticed an ironbrand convoker
  5918 | D        | Noticed a shadow dragon
  5918 | D        | Noticed a quicksilver dragon
  5918 | D        | Noticed a great orb of eyes
  5918 | D        | Noticed an ironbrand convoker
  5918 | D        | Noticed a shadow dragon
  5927 | D        | Noticed a shadow dragon
  5942 | D        | Killed a shadow dragon
  5942 | D        | Reached XP level 17. HP: 92/119 MP: 22/29
  5943 | D        | Noticed a quicksilver dragon
  5948 | D        | Killed a quicksilver dragon
  5950 | D        | Killed an ironbrand convoker
  5953 | D        | Noticed a storm dragon
  5958 | D        | Killed a great orb of eyes
  5982 | D        | Killed a shadow dragon
  5998 | D        | Killed a shadow dragon
  6006 | D        | Killed a quicksilver dragon
  6008 | D        | Noticed Gloorx Vloq
  6008 | D        | Noticed a spriggan baker
  6008 | D        | Noticed a spriggan baker
  6008 | D        | Noticed a mottled draconian
  6011 | D        | Killed an ironbrand convoker
  6013 | D        | Killed a spriggan baker
  6021 | D        | Killed a storm dragon
  6021 | D        | Received a gift from Okawaru
  6023 | D        | Killed a spriggan baker
  6049 | D        | Killed Gloorx Vloq
  6057 | D        | Killed a mottled draconian
  6057 | D        | Received a gift from Okawaru
  6064 | D        | Got a silver rune of Zot
  6070 | D        | Got a crystal flail {god gift}
  6076 | D        | Identified the +2 flail of Exhibitionism {drain, Str+9} (Okawaru gifted it to you in the Dungeon)
  6252 | D        | Got the ring of Yredelemnul's Scorn {Ice MP+9 Int+4 SInv}
  6254 | D        | Got the amulet "Zegaub" {rCorr rF+ MR+ Int+2}
  6256 | D        | Got the ring of Notuar {rElec rPois rF+ Int-2 Slay+3}
  6258 | D        | Got the ring "Siel" {+Inv rF++ Str+5 Dex-2}
  6260 | D        | Got the ring "Furpharyw" {Wiz MP-9 Int+7}
  6266 | D        | Got the +5 battleaxe of Unpleasantness {chop, MP+9 Dex+3}
  6312 | D        | Got the +5 battleaxe "Panuisuo" {flame, *Rage rElec rPois MR+}
  6460 | D        | Noticed Frederick
  6471 | D        | Killed Frederick
  6475 | D        | Gained mutation: You are good at translocating small distances at will. [potion of mutation]
  6475 | D        | Gained mutation: You have sharp toenails. [potion of mutation]
  6476 | D        | Gained mutation: You possess an exceptional clarity of mind. [potion of mutation]
  6476 | D        | Lost mutation: You are good at translocating small distances at will. [potion of mutation]
  6476 | D        | Gained mutation: You are clumsy. (Dex -2) [potion of mutation]
  6477 | D        | Gained mutation: You are very frail (-20% HP). [potion of mutation]
  6477 | D        | Gained mutation: You are extremely frail (-30% HP). [potion of mutation]
  6478 | D        | Lost mutation: You possess an exceptional clarity of mind. [potion of cure mutation]
  6478 | D        | Lost mutation: You are clumsy. (Dex -2) [potion of cure mutation]
  6478 | D        | Lost mutation: You have sharp toenails. [potion of cure mutation]
  6478 | D        | Lost mutation: You are extremely frail (-30% HP). [potion of cure mutation]
  6493 | D        | Noticed Xtahua
  6495 | D        | Noticed Louise
  6512 | D        | Killed Xtahua
  6524 | D        | Killed Louise
  6524 | D        | Reached skill level 27 in Fighting
  6533 | D        | Noticed Norris
  6552 | D        | Killed Norris
  6552 | D        | Received a gift from Okawaru
  6553 | D        | Noticed Boris
  6559 | D        | Noticed Jory
  6560 | D        | Noticed Mennas
  6561 | D        | Noticed a hell knight
  6562 | D        | Noticed Mara
  6564 | D        | Noticed a hell knight
  6578 | D        | Killed Boris
  6588 | D        | Killed Jory
  6606 | D        | Killed Mara
  6621 | D        | Slain by Mennas

Action                   |  1- 3 |  4- 6 |  7- 9 | 10-12 | 13-15 | 16-18 || total
-------------------------+-------+-------+-------+-------+-------+-------++-------
Melee: Flail             |    24 |       |       |       |       |       ||    24
       Morningstar       |     3 |    35 |    74 |   325 |       |       ||   437
       Demon whip        |       |       |       |    66 |   803 |   477 ||  1346
       Battleaxe         |       |       |       |       |       |    96 ||    96
Invok: Heroism           |       |       |     2 |    12 |     8 |     5 ||    27
       Finesse           |       |       |       |    10 |     6 |     5 ||    21
 Abil: Evoke Invisibilit |       |       |       |     1 |       |       ||     1
  Use: Scroll            |       |       |       |       |     6 |       ||     6
       Potion            |       |       |       |       |    14 |    14 ||    28
 Stab: Sleeping          |       |       |       |     1 |     1 |     1 ||     3
  Eat: Chunk             |       |       |       |     7 |     6 |     7 ||    20
       Bread ration      |       |       |       |       |     3 |     1 ||     4
